 Dungeon Crawl Stone Soup version 0.29-a0-243-g602b31c20e (webtiles) character file.

Game seed: 2498718507424887700

154 bande the Covered (level 5, -5/33 HPs)
             Began as a Gargoyle Fighter on Mar 5, 2022.
             Killed from afar by a steam dragon (16 damage)
             ... with a ball of steam
             ... on level 4 of the Dungeon.
             The game lasted 00:04:09 (3884 turns).

bande the Covered (Gargoyle Fighter)                Turns: 3884, Time: 00:04:10

Health: -5/33      AC: 14    Str: 19    XL:     5   Next: 36%
Magic:  5/5        EV:  7    Int:  9    God:
Gold:   95         SH:  4    Dex: 11    Spells: 4/4 levels left

rFire   . . .      SeeInvis .   a - +0 war axe
rCold   . . .      Faith    .   c - +0 buckler
rNeg    + . .      Spirit   .   q - +0 chain mail
rPois   ∞          Reflect  .   (no helmet)
rElec   +          Harm     .   (no cloak)
rCorr   .          Rampage  .   i - +0 pair of gloves
Will    .....                   (no boots)
Stlth   ..........              (no amulet)
HPRegen 0.11/turn               (no ring)
MPRegen 0.09/turn               (no ring)

@: no status effects
A: sickness immunity, AC +4, negative energy resistance 1, electricity
resistance, torment resistance 1, petrification resistance
a: no special abilities


You were on level 4 of the Dungeon.
You visited 1 branch of the dungeon, and saw 4 of its levels.

You collected 95 gold pieces.

Inventory:

Hand Weapons
 a - a +0 war axe (weapon)
Armour
 c - a +0 buckler (worn)
 i - a +0 pair of gloves (worn)
 q - a +0 chain mail (worn)
Jewellery
 e - an amulet of the acrobat
Scrolls
 m - 2 scrolls of identify
 n - a scroll of teleportation
 p - a scroll of noise {unknown}
Potions
 d - 2 potions of might
 f - a potion of berserk rage
 g - a potion of cancellation {unknown}
 h - a potion of degeneration {unknown}
 j - 2 potions of curing {unknown}
 k - 3 potions of heal wounds {unknown}
 l - a potion of flight {unknown}
 o - a potion of resistance {unknown}


   Skills:
 + Level 4.0 Fighting
 + Level 3.3 Axes
 + Level 4.3 Armour
 - Level 0.2 Stealth
 + Level 3.9 Shields


You had 4 spell levels left.
You didn't know any spells.
Your spell library contained the following spells:

 Spells                   Type           Power      Damage    Failure   Level
 Animate Skeleton         Necr           0%         N/A       99%         1
 Apportation              Tloc           0%         N/A       99%         1
 Pain                     Necr           0%         1d4       99%         1
 Sandblast                Erth           0%         2d4       99%         1
 Summon Small Mammal      Summ           0%         N/A       99%         1
 Passwall                 Tmut/Erth      0%         N/A       100%        2
 Ozocubu's Armour         Ice            0%         N/A       100%        3
 Stone Arrow              Conj/Erth      0%         3d7       100%        3
 Vampiric Draining        Necr           0%         2d6       100%        3
 Ozocubu's Refrigeration  Ice            0%         4d5       100%        7


Dungeon Overview and Level Annotations

Branches:
Dungeon (4/15)
 Temple: D:4-7

Altars:
Hepliaklqana


Innate Abilities, Weirdness & Mutations

You are immune to sickness and miasma.
Your stone body is resilient. (AC +4)
You are immune to poison.
You resist negative energy. (rN+)
You are resistant to electric shocks. (rElec)
You are resistant to unholy torment.
You are immune to petrification.


Message History

The gnoll hits you but does no damage.
There is a stone staircase leading up here.
You hit the gnoll.
The gnoll is heavily wounded.
You closely miss the hobgoblin. The hobgoblin closely misses you.
You block the gnoll's attack. The orc barely misses you.
You barely miss the gnoll.
The gnoll is heavily wounded.
You slash the hobgoblin!
You kill the hobgoblin!
You block the gnoll's attack. The gnoll hits you but does no damage.
The orc hits you from afar with a +0 trident.
You hit the gnoll.
The gnoll is almost dead.
The gnoll hits you but does no damage. The orc hits you but does no damage.
The gnoll hits you from afar with a +0 spear.
The gnoll hits you with a +0 club. The gnoll hits you but does no damage.
The orc hits you from afar with a +0 trident.
You closely miss the gnoll.
The gnoll is almost dead.
The gnoll hits you but does no damage. The gnoll barely misses you.
The orc hits you but does no damage.
You hit the gnoll.
You kill the gnoll!
You hit the steam dragon. The orc barely misses you.
The gnoll barely misses you. The steam dragon bites you.
The steam dragon claws you.
You are too injured to fight recklessly!
You are too injured to fight recklessly!
You are too injured to fight recklessly!
You are too injured to fight recklessly!
You are too injured to fight recklessly!
You are too injured to fight recklessly!
You are too injured to fight recklessly!
You are too injured to fight recklessly!
Unknown command.
The orc hits you but does no damage. You block the gnoll's attack.
The steam dragon breathes steam at you. The ball of steam hits you!
You die...

## .... ≈.#
....#
≈..#####...$.#
..#.#.#.#..
#........ .#
##.#.#.#...#
#..Dg......#
###@#.#.#[..
#.†?)[......#
#.#.#o#.#$..#
#.###...# ## #
...># #####


You could see a steam dragon (catching breath), a gnoll and an orc.

Vanquished Creatures
  A hound (D:3)
  An orc wizard (D:3)
  2 gnolls
  2 adders
  A dart slug (D:2)
  8 orcs
  4 ball pythons
  5 bats
  5 endoplasms
  A giant cockroach (D:3)
  2 goblins
  5 hobgoblins
  3 jackals (D:1)
  3 quokkas
  A frilled lizard (D:3)
  3 kobolds (D:2)
  A rat (D:3)
48 creatures vanquished.

Notes
Turn   | Place    | Note
-------+----------+-------------------------------------------
     0 | D:1      | bande the Gargoyle Fighter began the quest for the Orb.
     0 | D:1      | Reached XP level 1. HP: 14/14 MP: 1/1
   251 | D:1      | Found a faded altar of an unknown god.
   259 | D:1      | Reached XP level 2. HP: 19/19 MP: 2/2
   811 | D:1      | You fall into a shaft and drop 1 floor!
  1277 | D:2      | Reached XP level 3. HP: 20/24 MP: 3/3
  2369 | D:3      | Found a hazy altar of Hepliaklqana.
  2561 | D:3      | Reached XP level 4. HP: 15/29 MP: 4/4
  3269 | D:3      | Reached XP level 5. HP: 28/33 MP: 5/5
  3610 | D:4      | Noticed a steam dragon
  3884 | D:4      | Killed from afar by a steam dragon

Illustrated notes

Levels and vault maps discovered:
D:1:      dpeg_arrival_short_road, layout_loops_corners,
          hellmonk_ecumenical_altar_crossroads, minmay_misc_feat_x,
          serial_bayou_lagoon_a
D:2:      kennysheep_six_static_rooms, layout_basic
D:3:      layout_loops_corners, mainiacjoe_overflow_chevrons,
          minmay_splitting_lines
D:4:      lemuel_castle_with_subvaults [lemuel_castle_interior_carwin_2],
          layout_rooms, minitemple, serial_rivers,
          chequers_serial_rivers_small_b, chequers_serial_rivers_room_a,
          chequers_serial_rivers_small_b, chequers_serial_rivers_marsh,
          chequers_serial_rivers_large_b, st_stairs_8, saegor_snake_ambush,
          uniq_eustachio, uniq_blork_the_orc

Skill      XL: |  1  2  3  4  5 |
---------------+----------------+-----
Axes           | 2 3 |  3.3
Armour         | 4 |  4.3
Fighting       | 4 |  4.0
Stealth        | |  0.2
Shields        | |  3.9

Action                   |  1- 3 |  4- 6 || total
-------------------------+-------+-------++-------
Melee: War axe           |   105 |    46 ||   151
  Use: Scroll            |     6 |       ||     6
Armor: Scale mail        |    83 |    20 ||   103
       Chain mail        |       |    25 ||    25
Dodge: Dodged            |    50 |    33 ||    83
Block: Buckler           |    20 |    19 ||    39

Table legend: (Time is in decaauts)
 A = Elapsed time spent in this place.
 B = Non-inter-level travel time spent in this place.
 C = Inter-level travel time spent in this place.
 D = Time resting spent in this place.
 E = Time spent auto-exploring this place.
 F = Levels seen in this place.
 G = Mean time per level.
                   A        B        C        D        E       F      G
               +--------+--------+--------+--------+--------+-----+--------+
         Total |   3968 |   3845 |    123 |    800 |   2548 |   4 |  992.0 |
       Dungeon |   3968 |   3845 |    123 |    800 |   2548 |   4 |  992.0 |
               +--------+--------+--------+--------+--------+-----+--------+

Top non-repeatable levels by time:
     D:3: 1756 daAuts
     D:1: 1275 daAuts
     D:2: 903 daAuts
     D:4: 33 daAuts
